 Dungeon Crawl Stone Soup version 0.19.5 (webtiles) character file.

502 strmesko the Thaumaturge (level 6, -1/32 HPs)
             Began as a Deep Elf Fire Elementalist on Mar 26, 2017.
             Killed by divine providence
             ... invoked by an orc priest
              (14 damage)
             ... on level 4 of the Dungeon.
             The game lasted 00:22:33 (3931 turns).

strmesko the Thaumaturge (DEFE)                     Turns: 3931, Time: 00:22:34

Health: -1/32      AC:  2    Str:  5    XL:     6   Next: 95%
Magic:  10/20      EV: 13    Int: 22    God:
Gold:   171        SH:  0    Dex: 15    Spells: 5 memorised, 9 levels left

rFire  . . .     SeeInvis .     m - +1 whip (freeze)
rCold  . . .     Gourm    .     a - +0 robe
rNeg   . . .     Faith    .     (no shield)
rPois  .         Spirit   .     (no helmet)
rElec  .         Reflect  .     (no cloak)
rCorr  .         Harm     .     (no gloves)
MR     .....                    (no boots)
Stlth  ++........               (no amulet)
                                (no ring)
                                (no ring)

@: no status effects
A: no striking features
a: no special abilities


You were on level 4 of the Dungeon.
You were not hungry.

You visited 1 branch of the dungeon, and saw 4 of its levels.

You collected 171 gold pieces.

Inventory:

Hand Weapons
 m - a +1 whip of freezing (weapon)
Armour
 a - a +0 robe (worn)
 e - a +0 buckler
Scrolls
 d - 2 scrolls of noise {unknown}
 h - a scroll of teleportation {unknown}
 i - a scroll of recharging {unknown}
 k - 2 scrolls of identify {unknown}
 n - a scroll of random uselessness {unknown}
 o - 2 scrolls of remove curse {unknown}
 s - a scroll of magic mapping {unknown}
 v - a scroll of fear {unknown}
Potions
 f - a potion of invisibility {unknown}
 j - 3 potions of curing {unknown}
 l - 4 potions of agility {unknown}
 p - a potion of mutation {unknown}
 q - 2 potions of brilliance {unknown}
Books
 b - a book of Flames

   Spells                             Type                      Level
   a - Flame Tongue                   Conjuration/Fire             1
   b - Throw Flame                    Conjuration/Fire             2
   c - Conjure Flame                  Conjuration/Fire             3
   d - Inner Flame                    Hexes/Fire                   3
   e - Sticky Flame                   Conjuration/Fire             4
   f - Fireball                       Conjuration/Fire             5
 t - a book of Changes

   Spells                             Type                      Level
   a - Beastly Appendage              Transmutation                1
   b - Sticks to Snakes               Transmutation                2
   c - Spider Form                    Transmutation/Poison         3
   d - Ice Form                       Ice/Transmutation            4
   e - Blade Hands                    Transmutation                5
Comestibles
 c - 4 bread rations
 g - a beef jerky
 r - a chunk of flesh
 u - a royal jelly


   Skills:
 - Level 2.4 Dodging
 - Level 2.4 Stealth
 * Level 1.0 Shields
 * Level 9.8 Spellcasting
 - Level 1.1 Conjurations
 - Level 3.2 Fire Magic


You had 9 spell levels left.
You knew the following spells:

 Your Spells              Type           Power        Failure   Level  Hunger
a - Flame Tongue          Conj/Fire      ###..        2%          1    None
b - Throw Flame           Conj/Fire      ###...       4%          2    None
c - Conjure Flame         Conj/Fire      ###.....     10%         3    None
d - Sticky Flame          Conj/Fire      ###.....     28%         4    ##.....
e - Fireball              Conj/Fire      ###.......   75%         5    ####...


Dungeon Overview and Level Annotations

Branches:
Dungeon (4/15)
 Temple: D:4-7

Altars:
Ashenzari
Elyvilon
Xom

Annotations:
D:4 sveltemanboy's ghost, novice DsGl


Message History

The orc priest is almost dead.
The orc priest begins to cast a cantrip, but forgets the words!
Casting: Flame Tongue
Confirm with . or Enter, or press ? or * to list all spells.
Aiming: Sticky Flame
Press: ? - help, Shift-Dir - straight line, f - orc wizard, p - orc priest
Aim: an orc wizard, wielding a dagger and wearing a robe (fast)
The sticky flame hits the orc wizard.
The orc wizard is moderately wounded.
The orc wizard is covered in liquid flames!
The orc wizard burns!
The orc wizard hits you with a dagger.
The orc priest calls down the wrath of Beogh upon you.
Beogh smites you! The orc wizard hits you with a dagger.
The orc wizard burns!
The orc wizard burns!
The orc wizard points at you and mumbles some strange words.
The magic dart hits you!
The orc priest calls down the wrath of Beogh upon you.
Beogh smites you!
You die...

#####.............
#....##........
##...####.......
##...### #.......
##...>..# ........
##.........###.....
#..........# .....
##...........# ...
##..@........#. ..
...###oo.........##
....).............
...#.[..........#.
###.........##
######.....# #..#..
.###. .


You could see an orc priest and an orc wizard (burning).

Vanquished Creatures
  A phantom (D:4)
  A scorpion (D:4)
  A hound (D:4)
  An iguana (D:4)
  A worker ant (D:3)
  11 gnolls
  8 adders
  An ooze (D:2)
  2 worms
  2 leopard geckos (D:3)
  12 orcs
  9 bats
  6 giant cockroaches
  9 goblins
  5 hobgoblins
  3 jackals (D:1)
  11 kobolds
  2 quokkas
  A ball python (D:1)
  A ball python zombie (D:4)
  2 frilled lizards (D:2)
  8 rats
98 creatures vanquished.

Vanquished Creatures (others)
  An adder (D:4)
  An orc (D:4)
2 creatures vanquished.

Grand Total: 100 creatures vanquished

Notes
Turn   | Place    | Note
-------+----------+-------------------------------------------
     0 | D:1      | strmesko the Deep Elf Fire Elementalist began the quest for the Orb.
     0 | D:1      | Reached XP level 1. HP: 10/10 MP: 6/6
   315 | D:1      | Reached XP level 2. HP: 15/15 MP: 6/8
   374 | D:1      | Reached skill level 4 in Spellcasting
   486 | D:1      | Learned a level 2 spell: Throw Flame
   878 | D:1      | Reached XP level 3. HP: 19/19 MP: 8/11
   957 | D:2      | Reached skill level 5 in Spellcasting
  1110 | D:2      | Reached skill level 6 in Spellcasting
  1110 | D:2      | Reached XP level 4. HP: 24/24 MP: 0/14
  1925 | D:2      | Found a white marble altar of Elyvilon.
  1945 | D:2      | Reached skill level 7 in Spellcasting
  1945 | D:2      | Reached XP level 5. HP: 28/28 MP: 11/16
  2817 | D:3      | Learned a level 3 spell: Conjure Flame
  2822 | D:3      | Learned a level 4 spell: Sticky Flame
  2828 | D:3      | Learned a level 5 spell: Fireball
  3137 | D:3      | Reached skill level 8 in Spellcasting
  3385 | D:4      | Noticed a phantom
  3397 | D:4      | Killed a phantom
  3397 | D:4      | Reached XP level 6. HP: 24/32 MP: 6/19
  3439 | D:4      | Found a shimmering altar of Xom.
  3453 | D:4      | Noticed sveltemanboy's ghost (novice DsGl)
  3658 | D:4      | Reached skill level 1 in Shields
  3658 | D:4      | Reached skill level 9 in Spellcasting
  3885 | D:4      | Found a shattered altar of Ashenzari.
  3931 | D:4      | Killed from afar by an orc priest

Skill      XL: |  1  2  3  4  5  6 |
---------------+-------------------+-----
Spellcasting   | 4 6 7 8 9 |  9.8
Shields        | 1 |  1.0
Dodging        | |  2.4
Stealth        | |  2.4
Conjurations   | |  1.1
Fire Magic     | |  3.2

Action                   |  1- 3 |  4- 6 || total
-------------------------+-------+-------++-------
Melee: Dagger            |       |    11 ||    11
       Whip              |       |     3 ||     3
 Cast: Flame Tongue      |    40 |    89 ||   129
       Throw Flame       |     7 |    52 ||    59
       Conjure Flame     |       |     1 ||     1
       Sticky Flame      |       |     5 ||     5
  Eat: Chunk             |       |     9 ||     9
Armor: Robe              |     1 |     4 ||     5
Dodge: Dodged            |    13 |    29 ||    42
